 Dungeon Crawl Stone Soup version 0.24.0-125-gc4c63601f3 (webtiles) character file.

Game seed: 6087346818078801695, levelgen mode: deterministic

85 Bjuglez the Ducker (level 4, 0/44 HPs)
             Began as a Troll Berserker on Mar 14, 2020.
             Was a Believer of Trog.
             Slain by an orc
             ... wielding a +0 mace
              (2 damage)
             ... on level 3 of the Dungeon.
             The game lasted 00:09:58 (1264 turns).

Bjuglez the Ducker (Troll Berserker)                Turns: 1264, Time: 00:09:58

Health: 0/44       AC:  6    Str: 25 (26) XL:     4   Next: 25%
Magic:  3/3        EV: 10    Int:  2 (3)  God:    Trog [**....]
Gold:   48         SH:  0    Dex:  8 (9)  Spells: 3/3 levels left

rFire    + . .     SeeInvis .   f - +0 short sword
rCold    + . .     Gourm    +   (no shield)
rNeg     . . .     Faith    .   d - +0 robe
rPois    .         Spirit   .   (helmet restricted)
rElec    .         Reflect  .   i - scarf {rC+ rF+}
rCorr    .         Harm     .   (gloves unavailable)
MR       .....                  (boots unavailable)
Stlth    +.........             (no amulet)
HPRegen  0.54/turn              (no ring)
MPRegen  0.08/turn              (no ring)

@: no status effects
A: large, unfitting armour, claws 3, fast metabolism 3, gourmand, regeneration
1, shaggy fur 1, tough skin 3
a: Berserk, Trog's Hand, Renounce Religion


You were on level 3 of the Dungeon.
You worshipped Trog.
Trog was pleased with you.
You were not hungry.

You visited 1 branch of the dungeon, and saw 3 of its levels.

You collected 48 gold pieces.

Inventory:

Hand Weapons
 c - a +0 hand axe
 f - a +0 short sword (weapon)
Armour
 b - a +0 animal skin
 d - a +0 robe (worn)
 i - a scarf of resistance (worn)
Scrolls
 e - a scroll of teleportation {unknown}
Potions
 g - a potion of invisibility
Comestibles
 h - a ration


   Skills:
 + Level 2.9 Fighting
 + Level 1.3 Short Blades
 + Level 2.5 Axes
 + Level 3.2 Dodging
 + Level 0.2 Stealth


You had 3 spell levels left.
You didn't know any spells.
Your spell library was empty.

Dungeon Overview and Level Annotations

Branches:
Dungeon (3/15)

Altars:


Innate Abilities, Weirdness & Mutations

You are too large for most types of armour.
You have claws for hands.
Your metabolism is lightning-fast.
You like to eat raw meat.
Your natural rate of healing is unusually fast.
You are covered in fur. (AC +1)
You have extremely tough skin. (AC +3)


Message History

You barely miss the orc. The orc closely misses you.
The orc hits you with a +0 mace!
* * * LOW HITPOINT WARNING * * *
You hit the orc but do no damage. The orc hits you with a +0 mace.
* * * LOW HITPOINT WARNING * * *
The orc barely misses you.
You barely miss the orc. The orc closely misses you.
The orc hits you but does no damage.
You hit the orc but do no damage. You barely miss the orc.
The orc closely misses you. x2
You hit the orc.
The orc is severely wounded.
The orc hits you with a +0 mace.
* * * LOW HITPOINT WARNING * * *
The orc misses you.
You hit the orc.
You kill the orc!
Trog accepts your kill. The orc hits you with a +0 mace.
You die...

#.#.# ### ## #.#.# ..#
##.# #.#.#
#.###.########.#.#
.#####.#.....†.....).#
...................###
.######.############
#.#########
#.o@o.....#
#########.#


You could see 2 orcs.

Vanquished Creatures
  2 adders
  2 oozes
  2 worms (D:2)
  3 dart slugs
  2 leopard geckos
  3 orcs (D:3)
  A giant cockroach (D:1)
  6 goblins
  4 hobgoblins
  A ball python (D:2)
  7 bats
  2 frilled lizards (D:2)
  5 kobolds
  7 rats
47 creatures vanquished.

Notes
Turn   | Place    | Note
-------+----------+-------------------------------------------
     0 | D:1      | Bjuglez the Troll Berserker began the quest for the Orb.
     0 | D:1      | Reached XP level 1. HP: 22/22 MP: 0/0
   124 | D:1      | Reached XP level 2. HP: 25/29 MP: 1/1
   405 | D:1      | Reached ** piety under Trog
   629 | D:1      | Reached skill level 3 in Dodging
   629 | D:1      | Reached XP level 3. HP: 28/36 MP: 2/2
   987 | D:2      | Reached skill level 1 in Short Blades
  1200 | D:3      | Reached XP level 4. HP: 36/44 MP: 3/3
  1263 | D:3      | HP: 2/44 [orc/+0 mace (4)]
  1264 | D:3      | Slain by an orc

Levels and vault maps discovered:
D:1:      mrwooster_arrival_arrow, layout_basic, chequers_serial_rivers_large_a,
          minmay_split_cup_large
D:2:      layout_rooms
D:3:      layout_loops_ring

Skill      XL: |  1  2  3 |
---------------+----------+-----
Dodging        | 3 |  3.2
Short Blades   | 1 |  1.3
Fighting       | |  2.9
Axes           | |  2.5
Stealth        | |  0.2

Action                   |  1- 3 |  4- 6 || total
-------------------------+-------+-------++-------
Melee: Club              |    13 |       ||    13
       Hand axe          |     9 |       ||     9
       Short sword       |   144 |    28 ||   172
  Use: Scroll            |     2 |       ||     2
       Potion            |       |     2 ||     2
  Eat: Ration            |     3 |       ||     3
Armor: Animal skin       |    68 |       ||    68
       Robe              |    49 |    11 ||    60
Dodge: Dodged            |   148 |    23 ||   171
